 Dungeon Crawl Stone Soup version 0.30-a0-862-g1aabd4f9c5 (webtiles) character file.

Game seed: 15677640039525107578

3866 Aneyh the Fighter (level 10, -2/73 HPs)
             Began as a Tengu Monk on Mar 10, 2023.
             Shot with an arrow by a centaur warrior (13 damage)
             ... on level 8 of the Dungeon.
             The game lasted 00:12:37 (6949 turns).

Aneyh the Fighter (Tengu Monk)                      Turns: 6949, Time: 00:12:37

Health: -2/73      AC:  7    Str: 15    XL:     10   Next: 19%
Magic:  11/11      EV: 16    Int: 11    God:
Gold:   545        SH:  0    Dex: 17    Spells: 9/9 levels left

rFire   . . .      SeeInvis .    a - +1 spear (venom)
rCold   . . .      Faith    .    (no shield)
rNeg    . . .      Spirit   .    I - +0 steam dragon scales
rPois   .          Reflect  .    (helmet restricted)
rElec   .          Rampage  .    i - +0 cloak
rCorr   .                        M - +0 pair of gloves
Will    .....                    (boots unavailable)
Stlth   +                        (no amulet)
HPRegen 0.32/turn                (no ring)
MPRegen 0.12/turn                (no ring)

@: confused, lethally poisoned (-2 -> -4), ambrosia-drunk, flying quickly and
evasively, quick
A: beak, talons 3, nimble flight
a: no special abilities


You were on level 8 of the Dungeon.
You visited 2 branches of the dungeon, and saw 9 of its levels.
You also visited: Ossuary.

You collected 545 gold pieces.

Inventory:

Hand Weapons
 a - a +1 spear of venom (weapon)
 b - a +0 shortbow
 k - a +1 dagger of pain
 A - a +0 dire flail of draining
 B - a +1 antimagic quarterstaff
 H - a +6 flail of protection
 J - a +0 scythe
 P - a +0 battleaxe
Missiles
 l - 12 poisoned darts (quivered)
 C - 2 javelins
Armour
 i - a +0 cloak (worn)
 m - a +1 leather armour
 I - +0 steam dragon scales (worn)
 M - a +0 pair of gloves (worn)
 N - +0 acid dragon scales
Wands
 t - a wand of light (18)
 w - a wand of charming (4)
 K - a wand of digging (6)
Scrolls
 d - 3 scrolls of fog
 j - 2 scrolls of blinking
 o - 8 scrolls of identify {unknown}
 p - 4 scrolls of amnesia
 r - 3 scrolls of enchant armour
 u - a scroll of immolation {unknown}
 x - 3 scrolls of enchant weapon
 y - 2 scrolls of butterflies {unknown}
 E - a scroll of torment {unknown}
 F - 5 scrolls of teleportation {unknown}
 G - a scroll of silence {unknown}
 L - a scroll of magic mapping
 O - a scroll of fear {unknown}
Potions
 c - 3 potions of ambrosia
 e - 3 potions of curing {unknown}
 f - 4 potions of cancellation {unknown}
 g - 4 potions of degeneration {unknown}
 h - 3 potions of flight {unknown}
 n - a potion of mutation {unknown}
 q - 2 potions of invisibility {unknown}
 s - 3 potions of berserk rage {unknown}
 v - a potion of brilliance {unknown}
 z - 3 potions of attraction {unknown}
 D - a potion of magic {unknown}


   Skills:
 * Level 13.6 Fighting
 + Level 11.3 Polearms
 - Level 3.4 Dodging
 - Level 2.0 Stealth


You had 9 spell levels left.
You didn't know any spells.
Your spell library contained the following spells:

 Spells                   Type           Power      Damage    Failure   Level
 Blink                    Tloc           0%         N/A       47%         2
 Cigotuvi's Dreadful Rot  Necr/Pois/Air  0%         N/A       47%         2
 Animate Armour           Summ/Erth      0%         N/A       98%         4
 Animate Dead             Necr           0%         N/A       98%         4
 Dispel Undead            Necr           0%         3d6       98%         4
 Manifold Assault         Tloc           0%         N/A       98%         4
 Blade Hands              Tmut           0%         N/A       100%        5
 Death Channel            Necr           0%         N/A       100%        6
 Iron Shot                Conj/Erth      0%         9d1       100%        6
 Haunt                    Necr/Summ      0%         N/A       100%        7
 Storm Form               Tmut/Air       0%         N/A       100%        7
 Infestation              Necr           0%         N/A       100%        8


Dungeon Overview and Level Annotations

Branches:
Dungeon (8/15)             Temple (1/1) D:5         Ossuary (visited)
   Lair: D:8-11

Altars:
Dithmenos
Elyvilon
Fedhas
Gozag
Kikubaaqudgha
Makhleb
Nemelex Xobeh
Okawaru
Qazlal
Ru
Sif Muna
Trog
Uskayaw
Vehumet
Wu Jian
Xom
Yredelemnul
Zin
The Shining One

Shops:
D:2 ([[


Innate Abilities, Weirdness & Mutations

You have a beak for a mouth.
You have claws for feet.
Your magical nature lets you fly swiftly and evasively.


Message History

The centaur warrior is heavily wounded.
The killer bee barely misses you. The centaur warrior hits you!
The centaur warrior closely misses you. The killer bee misses you.
You hit the centaur but do no damage.
The centaur is poisoned.
You claw the centaur, but do no damage. Your peck misses the centaur.
The centaur unwields a +0 shortbow.
The centaur closely misses you. x2
The killer bee barely misses you.
You hit the centaur.
The centaur is lightly wounded.
The centaur warrior hits you. The centaur warrior kicks you.
The killer bee stings you.
You are poisoned.
The killer bee poisons you! The centaur barely misses you.
The centaur kicks you but does no damage.
You feel sick.
The centaur warrior wields a +0 shortbow.
The centaur warrior shoots an arrow.
The arrow hits you!
* * * LOW HITPOINT WARNING * * *
The killer bee stings you.
* * * LOW HITPOINT WARNING * * *
You feel sick.
The centaur wields a +0 shortbow.
The centaur shoots an arrow.
The arrow closely misses you.
You are confused.
You feel invigorated.
You feel sick.
The centaur shoots an arrow.
The arrow barely misses you.
The centaur warrior shoots an arrow.
The arrow misses you.
The centaur shoots an arrow.
The arrow hits you.
* * * LOW HITPOINT WARNING * * *
You feel sick.
The centaur warrior shoots an arrow.
The arrow hits you!!
* * * LOW HITPOINT WARNING * * *
You feel sick.
You completely miss the centaur warrior.
Your kick misses the centaur warrior.
The centaur warrior is severely wounded.
You feel sick.
The centaur warrior unwields a +0 shortbow.
The centaur warrior hits you but does no damage.
The centaur warrior barely misses you.
The centaur warrior wields a +0 shortbow.
The centaur warrior shoots an arrow.
The arrow hits you!
You die...

...###†..###......#....########
..............................#
..............................#
.............###.........###..#
#..###....##.#)####...####}#..#
######.)..##.##...#####...##..#
..............#...........#..##
..............#.y#c....# #..#
..............##@.##.##..##..#
...............#..# .# #..##
...........#...#..# .. #..#
#...##.....##..#..# ### #..##
#...########..##..#####. ##..#
..............#..#.....# #.[#
..............#.......... #..#
...<.......#.##...#####.. ##.#
.....<.......#.####...#### #.#


You could see a centaur warrior (very poisoned) and a killer bee.

Vanquished Creatures
  A manticore (D:8)
  Sigmund (D:4)
  A wyvern (D:6)
  Eustachio (D:6)
  A steam dragon (D:6)
  An acid dragon (D:8)
  Edmund (D:6)
  2 water moccasins (D:7)
  2 ice beasts
  3 orc warriors (D:8)
  A sky beast (D:7)
  A centaur (D:7)
  2 phantoms
  2 elf zombies (Ossuary)
  5 bullfrogs
  2 scorpions
  A killer bee (D:6)
  4 howler monkeys (D:8)
  3 centaur zombies (Ossuary)
  A human zombie (Ossuary)
  2 jellies
  2 orc priests (D:7)
  2 hounds
  2 sleepcaps (D:5)
  5 iguanas
  6 orc wizards
  3 mummies
  3 gnolls (D:6)
  9 adders
  An ufetubus (D:6)
  An adder zombie (Ossuary)
  2 worms
  2 dart slugs
  20 orcs
  4 bats
  7 endoplasms
  2 giant cockroaches (D:3)
  3 hobgoblins
  A quokka (D:4)
  4 ball pythons
  5 frilled lizards
  7 goblins
  A goblin zombie (Ossuary)
  9 hobgoblin zombies (Ossuary)
  A jackal zombie (Ossuary)
  7 kobolds
  7 kobold zombies (Ossuary)
  10 orc zombies (Ossuary)
  4 rats
  2 rat zombies (Ossuary)
170 creatures vanquished.

Vanquished Creatures (others)
  A jelly (D:6)
  An adder (D:6)
  23 plants
25 creatures vanquished.

Grand Total: 195 creatures vanquished

Notes
Turn   | Place    | Note
-------+----------+-------------------------------------------
     0 | D:1      | Aneyh the Tengu Monk began the quest for the Orb.
     0 | D:1      | Reached XP level 1. HP: 14/14 MP: 2/2
   240 | D:1      | Reached XP level 2. HP: 19/19 MP: 3/3
   783 | D:2      | Found Qoirot's Weapon Shoppe.
   800 | D:2      | Found a blossoming altar of Fedhas.
   863 | D:2      | Found Vyuroirgh's Armour Shop.
   866 | D:2      | Reached XP level 3. HP: 24/24 MP: 4/4
   867 | D:2      | Found Fept's Antique Armour Shoppe.
   947 | D:2      | Reached skill level 4 in Fighting
  1576 | D:3      | Reached XP level 4. HP: 29/30 MP: 5/5
  1873 | D:3      | Found a basalt altar of Yredelemnul.
  2035 | D:4      | Found a sparkling altar of Nemelex Xobeh.
  2061 | D:4      | Reached skill level 5 in Fighting
  2081 | D:4      | Found a sand-covered staircase.
  2088 | Ossuary  | Entered an ossuary
  2317 | Ossuary  | Gained mutation: Your magical nature lets you fly swiftly
                  | and evasively. [Tengu growth]
  2317 | Ossuary  | Reached XP level 5. HP: 21/36 MP: 6/6
  2412 | Ossuary  | Reached skill level 6 in Fighting
  2471 | Ossuary  | Reached XP level 6. HP: 24/41 MP: 7/7
  2736 | D:4      | Reached skill level 5 in Polearms
  2787 | D:4      | Identified a scroll of acquirement
  2787 | D:4      | Acquired a manual of Fighting
  2833 | D:4      | Reached XP level 7. HP: 42/47 MP: 8/8
  2949 | D:4      | Reached skill level 7 in Fighting
  3054 | D:4      | Noticed Sigmund
  3081 | D:5      | Entered Level 5 of the Dungeon
  3308 | D:5      | Reached skill level 8 in Fighting
  3465 | D:5      | Found a staircase to the Ecumenical Temple.
  3608 | Temple   | Entered the Ecumenical Temple
  3885 | D:6      | Reached XP level 8. HP: 49/55 MP: 9/9
  3972 | D:6      | Found a radiant altar of Vehumet.
  3988 | D:6      | Reached skill level 9 in Fighting
  4156 | D:6      | Noticed Edmund
  4181 | D:6      | Killed Edmund
  4213 | D:6      | Noticed a wyvern
  4338 | D:4      | Killed Sigmund
  4355 | D:4      | Reached skill level 10 in Fighting
  4652 | D:6      | Killed a wyvern
  4760 | D:6      | Reached XP level 9. HP: 62/63 MP: 10/10
  5022 | D:6      | Noticed Eustachio
  5053 | D:6      | Killed Eustachio
  5234 | D:7      | Reached skill level 11 in Fighting
  5282 | D:7      | Found a white marble altar of Elyvilon.
  5282 | D:7      | Found a glowing silver altar of Zin.
  5282 | D:7      | Found a glowing golden altar of the Shining One.
  5768 | D:7      | Found an opulent altar of Gozag.
  5935 | D:7      | Reached skill level 10 in Polearms
  5976 | D:7      | Reached skill level 12 in Fighting
  6565 | D:8      | Noticed a manticore
  6587 | D:8      | Killed a manticore
  6588 | D:8      | Reached skill level 13 in Fighting
  6588 | D:8      | Reached XP level 10. HP: 28/73 MP: 11/11
  6935 | D:8      | Noticed a centaur warrior
  6946 | D:8      | HP: 1/73 [centaur warrior/arrow (20)]
  6949 | D:8      | Shot with an arrow by a centaur warrior

Illustrated notes

Levels and vault maps discovered:
D:1:      spicycebolla_green_bress_n_ham_2, layout_basic, minmay_tromino_v4_b
D:2:      layout_basic, basic_altar, serial_shops, nicolae_diamond_shop,
          nicolae_shop_stone, nicolae_shop_overgrown_old_shop
D:3:      layout_rooms, marbit_many_paths, serial_bayou_ford_a,
          minmay_quadrilaterals
D:4:      layout_rooms, mainiacjoe_overflow_surrounded_room,
          gup_ossuary_entry_pyramid, uniq_sigmund
D:5:      layout_cave_pools, minmay_temple_entry_enclosed_plants
D:6:      layout_loops_ring, lemuel_crystal_altar, uniq_edmund, uniq_eustachio
D:7:      layout_loops_ring, dreamdust_divine_triumvirate,
          mainiacjoe_overflow_cross_hatched, grunt_decor_one_mirror
D:8:      layout_gridville, minmay_pinched_square
Temple:   hellmonk_temple_forest_ring

Skill      XL: |  1  2  3  4  5  6  7  8  9 |
---------------+----------------------------+-----
Fighting       | 4 5 6 8 10 13 | 13.6
Polearms       | 4 5 6 8 11 | 11.3
Dodging        | |  3.4
Stealth        | |  2.0

Action                     |  1- 3 |  4- 6 |  7- 9 | 10-12 || total
---------------------------+-------+-------+-------+-------++-------
  Melee: Spear             |    87 |   225 |   364 |    28 ||   704
         Kick              |    17 |    78 |   114 |    14 ||   223
         Peck              |     6 |    42 |    67 |     3 ||   118
         Punch             |       |     1 |     3 |       ||     4
   Fire: Shortbow          |       |       |    11 |       ||    11
  Throw: Dart              |       |     3 |    12 |       ||    15
         Javelin           |       |     2 |     2 |       ||     4
    Use: Scroll            |     1 |     9 |       |       ||    10
         Potion            |       |       |       |     1 ||     1
   Stab: Sleeping          |     6 |     5 |    10 |       ||    21
         Distracted        |     1 |       |     1 |       ||     2
 Armour: Robe              |     8 |     4 |       |       ||    12
         Leather armour    |       |    46 |    22 |       ||    68
         Steam dragon scal |       |       |    22 |     5 ||    27
  Dodge: Dodged            |    22 |   120 |   179 |    21 ||   342

Table legend: (Time is in decaauts)
 A = Elapsed time spent in this place.
 B = Non-inter-level travel time spent in this place.
 C = Inter-level travel time spent in this place.
 D = Time resting spent in this place.
 E = Time spent auto-exploring this place.
 F = Levels seen in this place.
 G = Mean time per level.
                   A        B        C        D        E       F      G
               +--------+--------+--------+--------+--------+-----+--------+
         Total |   6548 |   6366 |    182 |    932 |   4044 |  10 |  654.8 |
       Dungeon |   5808 |   5638 |    170 |    731 |   3815 |   8 |  726.0 |
        Temple |    138 |    127 |     11 |      0 |    117 |   1 |  138.0 |
       Ossuary |    602 |    602 |      0 |    200 |    111 |   1 |  602.0 |
               +--------+--------+--------+--------+--------+-----+--------+

Top non-repeatable levels by time:
     D:5: 838 daAuts
     D:7: 781 daAuts
     D:8: 759 daAuts
     D:6: 752 daAuts
     D:1: 746 daAuts
     D:3: 739 daAuts
     D:4: 657 daAuts
 Ossuary: 602 daAuts
     D:2: 532 daAuts
  Temple: 138 daAuts
